 Dungeon Crawl Stone Soup version 0.29-a0-330-g52719c12eb (webtiles) character file.

Game seed: 7803131881774129207

1077 Anon1729 the Skirmisher (level 8, -4/70 HPs)
             Began as a Minotaur Monk on Apr 29, 2022.
             Was an Elder of Cheibriados.
             Slain by a troll (10 damage)
             ... on level 6 of the Dungeon.
             The game lasted 00:04:11 (5148 turns).

Anon1729 the Skirmisher (Minotaur Monk)             Turns: 5148, Time: 00:04:11

Health: -4/70      AC:  2    Str: 28    XL:     8   Next: 8%
Magic:  16/16      EV: 16    Int: 17    God:    Cheibriados [****..]
Gold:   322        SH:  8    Dex: 23    Spells: 7/7 levels left

rFire   . . .      SeeInvis .   n - +0 trident
rCold   . . .      Faith    .   m - +2 buckler
rNeg    . . .      Spirit   .   b - +0 robe
rPois   .          Reflect  .   (helmet restricted)
rElec   .          Harm     .   e - scarf {shadows}
rCorr   .          Rampage  .   (no gloves)
Will    .....                   (no boots)
Stlth   ++........              (no amulet)
HPRegen 0.21/turn               g - ring of magical power
MPRegen 0.15/turn               (no ring)

@: mighty, silenced, very slow
A: horns 2, retaliatory headbutt
a: Renounce Religion


You were on level 6 of the Dungeon.
You worshipped Cheibriados.
Cheibriados was greatly pleased with you.
You visited 1 branch of the dungeon, and saw 6 of its levels.

You collected 322 gold pieces.

Inventory:

Hand Weapons
 a - a +0 spear
 n - a +0 trident (weapon)
Armour
 b - a +0 robe (worn)
 e - a scarf of shadows (worn)
 m - a +2 buckler (worn)
Jewellery
 g - a ring of magical power (left hand)
 q - a ring of positive energy
 w - a ring of resist corrosion
 A - an amulet of magic regeneration
Wands
 r - a wand of charming (7)
Scrolls
 f - 2 scrolls of enchant weapon {unknown}
 i - a scroll of brand weapon {unknown}
 j - 2 scrolls of enchant armour {unknown}
 k - 2 scrolls of identify {unknown}
 l - a scroll of blinking {unknown}
 p - a scroll of silence
 s - a scroll of fear {unknown}
 t - a scroll of fog {unknown}
 u - a scroll of summoning {unknown}
 x - a scroll of holy word {unknown}
 y - a scroll of torment {unknown}
Potions
 c - a potion of ambrosia
 h - a potion of degeneration
 v - a potion of attraction {unknown}
 z - a potion of mutation {unknown}


   Skills:
 + Level 6.3 Fighting
 - Level 3.9 Polearms
 + Level 4.5 Armour
 + Level 5.7 Dodging
 + Level 4.2 Stealth
 + Level 4.5 Shields


You had 7 spell levels left.
You didn't know any spells.
Your spell library contained the following spells:

 Spells                   Type           Power      Damage    Failure   Level
 Summon Small Mammal      Summ           0%         N/A       30%         1
 Sublimation of Blood     Necr           0%         N/A       41%         2
 Wereblood                Tmut           0%         N/A       41%         2
 Call Canine Familiar     Summ           0%         N/A       65%         3
 Summon Guardian Golem    Hex/Summ       0%         N/A       65%         3
 Summon Hydra             Summ           0%         N/A       100%        7


Dungeon Overview and Level Annotations

Branches:
Dungeon (6/15)
 Temple: D:4-7

Altars:
Cheibriados
Hepliaklqana
Makhleb
Nemelex Xobeh
Okawaru
Uskayaw
Vehumet
The Shining One


Innate Abilities, Weirdness & Mutations

You have a pair of horns on your head.
You reflexively headbutt those who attack you in melee.


Message History

As you read the scroll labelled NERASTR HUIFUMPOF, it crumbles to dust.
A profound silence engulfs you.
It was a scroll of silence.
You block the orc's attack. The troll bites you!!
* * * LOW HITPOINT WARNING * * *
The troll closely misses you. x2
You feel much better. The orc closely misses you. You furiously retaliate!
You headbutt the orc. The troll bites you! The troll claws you.
You block the troll's attack.
You feel very mighty all of a sudden. The orc misses you.
The troll barely misses you. The troll claws you. You block the troll's attack.
The orc priest hits you with a +0 hand axe.
* * * LOW HITPOINT WARNING * * *
You barely miss the troll.
The troll is lightly wounded.
You block the orc's attack. You block the troll's attack. The troll claws you.
* * * LOW HITPOINT WARNING * * *
You block the troll's attack.
The orc priest hits you with a +0 hand axe.
* * * LOW HITPOINT WARNING * * *
You hit the troll.
The troll is lightly wounded.
The orc completely misses you. The troll bites you!
* * * LOW HITPOINT WARNING * * *
You block the troll's attack. x2
It was a potion of curing.
You feel better. You block the orc's attack. The troll closely misses you.
You furiously retaliate!
You headbutt the troll. The troll closely misses you. The troll claws you.
* * * LOW HITPOINT WARNING * * *
The orc priest closely misses you. The phantom barely misses you.
You feel better. The orc hits you with a +0 short sword.
* * * LOW HITPOINT WARNING * * *
The troll barely misses you. The troll claws you.
* * * LOW HITPOINT WARNING * * *
You block the troll's attack. The orc priest completely misses you.
The phantom barely misses you.
You feel better. The orc hits you with a +0 short sword.
* * * LOW HITPOINT WARNING * * *
You block the troll's attack. x2; The troll claws you!
You die...

##.....## ..
#.......# ...
#.......##...
#..........#
...........#
.)....o..##..
......o#W##.#
.....oT@o.#.#
......#...#.#
.<..###...#.#
$..# #...#.# ###
#.....######
#..#........# #.
#.##.#.####...
#.# #.
#.#.######. ..#
#.##.##..).......


You could see a troll, a phantom, an orc priest and 3 orcs.

Vanquished Creatures
  Sigmund (D:4)
  Eustachio (D:6)
  2 black bears
  An ice beast (D:5)
  A necrophage (D:4)
  2 scorpions (D:4)
  An iguana (D:5)
  3 iron imps (D:3)
  Terence (D:2)
  Natasha (thrice) (D:2)
  4 adders
  An ufetubus (D:4)
  3 dart slugs
  5 orcs (D:5)
  3 bats
  5 endoplasms
  5 giant cockroaches
  2 goblins
  11 hobgoblins
  3 quokkas
  9 ball pythons
  3 frilled lizards
  5 kobolds
  A rat (D:3)
  A spectral hobgoblin (D:5)
77 creatures vanquished.

Vanquished Creatures (others)
  A fungus (D:1)
  A plant (D:1)
2 creatures vanquished.

Grand Total: 79 creatures vanquished

Notes
Turn   | Place    | Note
-------+----------+-------------------------------------------
     0 | D:1      | Anon1729 the Minotaur Monk began the quest for the Orb.
     0 | D:1      | Reached XP level 1. HP: 19/19 MP: 0/0
   182 | D:1      | Found a faded altar of an unknown god.
   203 | D:1      | Prayed at the altar of an unknown god.
   203 | D:1      | Became a worshipper of Cheibriados the Contemplative
   203 | D:1      | Reached * piety under Cheibriados
   203 | D:1      | Reached ** piety under Cheibriados
   246 | D:1      | Reached XP level 2. HP: 25/27 MP: 1/1
   283 | D:1      | Reached *** piety under Cheibriados
   547 | D:1      | Reached skill level 4 in Fighting
  1034 | D:1      | Reached XP level 3. HP: 28/33 MP: 2/2
  1152 | D:2      | Noticed Natasha
  1160 | D:2      | Killed Natasha
  1163 | D:2      | Reached skill level 1 in Armour
  1163 | D:2      | Reached skill level 1 in Shields
  1421 | D:2      | Reached XP level 4. HP: 38/40 MP: 3/3
  1448 | D:2      | Noticed Terence
  1464 | D:2      | Killed Terence
  1495 | D:2      | Noticed Natasha
  1505 | D:2      | Killed Natasha
  1566 | D:2      | Noticed Natasha
  1569 | D:2      | Killed Natasha
  1570 | D:2      | Reached XP level 5. HP: 26/47 MP: 4/4
  1771 | D:2      | Reached **** piety under Cheibriados
  2471 | D:3      | Found a burning altar of Makhleb.
  3019 | D:4      | Found a sparkling altar of Nemelex Xobeh.
  3020 | D:4      | Noticed Sigmund
  3035 | D:4      | Killed Sigmund
  3036 | D:4      | Reached skill level 5 in Fighting
  3036 | D:4      | Reached XP level 6. HP: 33/56 MP: 5/5
  3267 | D:4      | Reached XP level 7. HP: 61/61 MP: 6/6
  3435 | D:4      | Reached skill level 5 in Dodging
  3583 | D:4      | Found a glowing golden altar of the Shining One.
  3739 | D:4      | Found a radiant altar of Vehumet.
  3739 | D:4      | Found a hide-covered altar of Uskayaw.
  3740 | D:4      | Found an iron altar of Okawaru.
  3769 | D:5      | Entered Level 5 of the Dungeon
  4308 | D:5      | Reached skill level 6 in Fighting
  4618 | D:5      | Found a hazy altar of Hepliaklqana.
  4816 | D:6      | Noticed Eustachio
  4828 | D:6      | Killed Eustachio
  4875 | D:6      | Reached XP level 8. HP: 18/70 MP: 7/7
  5130 | D:6      | Noticed a troll
  5145 | D:6      | HP: 1/70 [troll (12)]
  5148 | D:6      | Slain by a troll

Illustrated notes

Levels and vault maps discovered:
D:1:      dpeg_arrival_radiant, layout_basic, shapermc_ecumenical_altar_ellora,
          serial_glass, glass_columns_a, glass_columns_b, glass_columns_a,
          glass_columns_a, glass_columns_c, glass_columns_a,
          dreamdust_mushroom_princess, minmay_circled_x
D:2:      layout_basic, st_stairs_13, uniq_natasha, uniq_terence
D:3:      layout_basic, demons_altar, minmay_misc_feat_ornament
D:4:      layout_cave_pools, nicolae_tso_swordbearing_angel,
          gammafunk_temple_overflow_claw, mainiacjoe_overflow_alcove_1,
          uniq_sigmund
D:5:      layout_rooms, nicolae_hepliaklqana_monster_ancestors,
          minmay_misc_feat_x, minmay_liquid_box, kennysheep_minor_cross,
          hangedman_glass_teeth
D:6:      layout_rooms, lemuel_tele_altar, uniq_eustachio

Skill      XL: |  1  2  3  4  5  6  7 |
---------------+----------------------+-----
Stealth        | 2 3 4 |  4.2
Fighting       | 4 5 6 |  6.3
Armour         | 1 3 4 |  4.5
Shields        | 1 3 4 |  4.5
Dodging        | 4 5 |  5.7
Polearms       | |  3.9

Action                   |  1- 3 |  4- 6 |  7- 9 || total
-------------------------+-------+-------+-------++-------
Melee: Spear             |    75 |    21 |       ||    96
       Headbutt          |    13 |    14 |    15 ||    42
       Trident           |       |    66 |    66 ||   132
  Use: Potion            |       |     3 |     6 ||     9
       Scroll            |       |       |     1 ||     1
 Stab: Sleeping          |     6 |    10 |     7 ||    23
Armor: Robe              |     3 |     7 |     2 ||    12
Dodge: Dodged            |    32 |    33 |    45 ||   110
Block: Buckler           |     9 |    15 |    44 ||    68

Table legend: (Time is in decaauts)
 A = Elapsed time spent in this place.
 B = Non-inter-level travel time spent in this place.
 C = Inter-level travel time spent in this place.
 D = Time resting spent in this place.
 E = Time spent auto-exploring this place.
 F = Levels seen in this place.
 G = Mean time per level.
                   A        B        C        D        E       F      G
               +--------+--------+--------+--------+--------+-----+--------+
         Total |   7359 |   6953 |    406 |    115 |   6060 |   6 | 1226.5 |
       Dungeon |   7359 |   6953 |    406 |    115 |   6060 |   6 | 1226.5 |
               +--------+--------+--------+--------+--------+-----+--------+

Top non-repeatable levels by time:
     D:1: 1559 daAuts
     D:5: 1526 daAuts
     D:3: 1435 daAuts
     D:2: 1293 daAuts
     D:4: 1139 daAuts
     D:6: 404 daAuts
